 Dungeon Crawl Stone Soup version 0.30-a0-56-ge6a4009bfd (webtiles) character file.

Game seed: 13839434515664345550

254 Newt the Trooper (level 5, 0/42 HPs)
             Began as a Demonspawn Gladiator on Sept 10, 2022.
             Slain by drugrobin's ghost (2 damage)
             ... on level 4 of the Dungeon.
             The game lasted 00:05:12 (4697 turns).

Newt the Trooper (Demonspawn Gladiator)             Turns: 4697, Time: 00:05:13

Health: 0/42       AC:  5    Str: 17    XL:     5   Next: 91%
Magic:  5/5        EV: 17    Int:  9    God:
Gold:   254        SH:  0    Dex: 20    Spells: 4/4 levels left

rFire   . . .      SeeInvis .    a - +0 rapier
rCold   . . .      Faith    .    (no shield)
rNeg    . . .      Spirit   .    b - +1 leather armour
rPois   .          Reflect  .    c - +0 helmet
rElec   .          Harm     .    (no cloak)
rCorr   .          Rampage  .    (no gloves)
Will    .....                    (no boots)
Stlth   ++........               (no amulet)
HPRegen 0.14/turn                h - +6 ring of dexterity
MPRegen 0.09/turn                k - +4 ring of evasion

@: no status effects
A: claws 1, foul stench 1
a: no special abilities


You were on level 4 of the Dungeon.
You visited 1 branch of the dungeon, and saw 4 of its levels.

You collected 254 gold pieces.

Inventory:

Hand Weapons
 a - a +0 rapier (weapon)
Missiles
 d - 3 throwing nets (quivered)
 q - a curare-tipped dart
 t - 2 boomerangs
Armour
 b - a +1 leather armour (worn)
 c - a +0 helmet (worn)
 o - a +0 chain mail
Jewellery
 h - a +6 ring of dexterity (left claw)
 k - a +4 ring of evasion (right claw)
 l - an amulet of the acrobat
Scrolls
 e - a scroll of poison {unknown}
 g - a scroll of magic mapping {unknown}
 m - a scroll of blinking {unknown}
 n - 2 scrolls of vulnerability
Potions
 f - a potion of haste {unknown}
 i - a potion of attraction {unknown}
 r - a potion of flight {unknown}
 s - a potion of heal wounds {unknown}
 u - a potion of brilliance {unknown}
 v - a potion of degeneration {unknown}
 w - a potion of lignification {unknown}


   Skills:
 - Level 4.0 Fighting
 - Level 4.0 Short Blades
 - Level 1.7 Throwing
 + Level 2.2 Armour
 - Level 2.6 Dodging
 - Level 2.0 Stealth


You had 4 spell levels left.
You didn't know any spells.
Your spell library contained the following spells:

 Spells                   Type           Power      Damage    Failure   Level
 Ensorcelled Hibernation  Hex/Ice        0%         N/A       58%         2
 Spider Form              Tmut/Pois      0%         N/A       82%         3
 Anguish                  Hex/Necr       0%         N/A       99%         4


Dungeon Overview and Level Annotations

Branches:
Dungeon (4/15)
 Temple: D:4-7

Altars:

Annotations:
D:4 drugrobin's ghost, amateur DgDe


Innate Abilities, Weirdness & Mutations

You have sharp fingernails.
You may rarely emit foul miasma when damaged in melee.


Message History

Drugrobin's ghost freezes you.
* * * LOW HITPOINT WARNING * * *
You feel better. Drugrobin's ghost hits you!
* * * LOW HITPOINT WARNING * * *
Drugrobin's ghost freezes you.
* * * LOW HITPOINT WARNING * * *
You emit a cloud of foul miasma!
Unknown command.
You feel better. Drugrobin's ghost misses you.
Unknown command.
You closely miss drugrobin's ghost.
Drugrobin's ghost is severely damaged.
Drugrobin's ghost hits you but does no damage.
You barely miss drugrobin's ghost.
Drugrobin's ghost is severely damaged.
Drugrobin's ghost barely misses you.
You completely miss drugrobin's ghost.
Drugrobin's ghost is severely damaged.
Drugrobin's ghost closely misses you.
You hit drugrobin's ghost but do no damage.
Drugrobin's ghost is severely damaged.
Drugrobin's ghost closely misses you.
You hit drugrobin's ghost.
Drugrobin's ghost is severely damaged.
Drugrobin's ghost misses you.
You hit drugrobin's ghost.
Drugrobin's ghost is severely damaged.
Drugrobin's ghost hits you.
* * * LOW HITPOINT WARNING * * *
Drugrobin's ghost freezes you.
* * * LOW HITPOINT WARNING * * *
You hit drugrobin's ghost but do no damage.
Drugrobin's ghost is severely damaged.
Drugrobin's ghost closely misses you.
You hit drugrobin's ghost but do no damage.
Drugrobin's ghost is severely damaged.
Drugrobin's ghost hits you.
* * * LOW HITPOINT WARNING * * *
Drugrobin's ghost freezes you.
You die...

.#......##.####...###...# #.#####
.#...##...............#.# #.# #
.##..##.##.####...###...###.#####
.##........# ##.## ##..........#
........#### #.# ####...###.#
###.##### ##.## #.#.# #.. #.####
#...# #...###.# #....## #...#
##......# #.....# ####@####
#.###### #.....# ##.#.W.#.##
##.##
#.....####..#.~.#..####...#####
##.......'..#.~.#..'...........
##...####..#.~.#..####...#####
#..## ##.#.(.#.## ##.## ##.##
######### #.# ##...## #...#
####.# ##..>..## ##'## #....#


You could see drugrobin's ghost.

Vanquished Creatures
  A phantom (D:3)
  A scorpion (D:4)
  A hound (D:4)
  Robin (D:2)
  2 adders
  8 orcs
  An endoplasm (D:2)
  2 giant cockroaches (D:2)
  4 hobgoblins
  3 jackals (D:4)
  4 kobolds
  A quokka (D:4)
  2 ball pythons
  3 bats
  A frilled lizard (D:3)
  16 goblins
  2 rats (D:3)
53 creatures vanquished.

Notes
Turn   | Place    | Note
-------+----------+-------------------------------------------
     0 | D:1      | Newt the Demonspawn Gladiator began the quest for the Orb.
     0 | D:1      | Reached XP level 1. HP: 16/16 MP: 1/1
   417 | D:1      | Found a faded altar of an unknown god.
   723 | D:1      | Reached skill level 1 in Stealth
  1233 | D:2      | Noticed Robin
  1386 | D:2      | Gained mutation: You have sharp fingernails. [demonic
                  | ancestry]
  1386 | D:2      | Reached XP level 2. HP: 21/22 MP: 2/2
  1605 | D:2      | Killed Robin
  1606 | D:2      | Reached XP level 3. HP: 6/28 MP: 3/3
  3120 | D:3      | Noticed a phantom
  3139 | D:3      | Killed a phantom
  3140 | D:3      | Reached XP level 4. HP: 29/37 MP: 4/4
  3239 | D:3      | Gained mutation: You may rarely emit foul miasma when
                  | damaged in melee. [demonic ancestry]
  3239 | D:3      | Reached XP level 5. HP: 42/42 MP: 5/5
  4227 | D:4      | Reached skill level 1 in Armour
  4498 | D:4      | Found a runed translucent door.
  4516 | D:4      | Noticed drugrobin's ghost (amateur DgDe)
  4697 | D:4      | HP: 2/42 [drugrobin's ghost (4)]
  4697 | D:4      | Slain by drugrobin's ghost

Illustrated notes

Levels and vault maps discovered:
D:1:      lemuel_arrival_hallway, layout_loops_corners,
          ebering_ecumenical_altar_mist
D:2:      layout_rooms, uniq_robin
D:3:      layout_basic, nicolae_titane
D:4:      layout_loops_corners, ebering_ghost_reflecting_pool

Skill      XL: |  1  2  3  4  5 |
---------------+----------------+-----
Stealth        | 1 2 |  2.0
Fighting       | 4 |  4.0
Short Blades   | 3 4 |  4.0
Armour         | 2 |  2.2
Throwing       | |  1.7
Dodging        | |  2.6

Action                   |  1- 3 |  4- 6 || total
-------------------------+-------+-------++-------
Melee: Rapier            |   121 |   101 ||   222
       Punch             |       |     1 ||     1
Throw: Javelin           |     1 |     1 ||     2
       Dart              |     1 |       ||     1
  Use: Scroll            |     5 |       ||     5
       Potion            |       |     3 ||     3
 Stab: Distracted        |     1 |       ||     1
       Sleeping          |     2 |     1 ||     3
Armor: Leather armour    |    23 |    14 ||    37
Dodge: Dodged            |    84 |    73 ||   157

Table legend: (Time is in decaauts)
 A = Elapsed time spent in this place.
 B = Non-inter-level travel time spent in this place.
 C = Inter-level travel time spent in this place.
 D = Time resting spent in this place.
 E = Time spent auto-exploring this place.
 F = Levels seen in this place.
 G = Mean time per level.
                   A        B        C        D        E       F      G
               +--------+--------+--------+--------+--------+-----+--------+
         Total |   4704 |   4585 |    119 |   1410 |   2608 |   4 | 1176.0 |
       Dungeon |   4704 |   4585 |    119 |   1410 |   2608 |   4 | 1176.0 |
               +--------+--------+--------+--------+--------+-----+--------+

Top non-repeatable levels by time:
     D:4: 1352 daAuts
     D:1: 1274 daAuts
     D:2: 1097 daAuts
     D:3: 979 daAuts
